SA
KENNESAW JETS @ CHICAGO TULA
05/20/2027
 
TOP OF THE 1ST
Kennesaw Jets batting - Pitching for Chicago Tula : RHP Santiago Ramírez
Pitching: RHP Santiago Ramírez
Batting: RHB Héctor Amador 0-0: Called Strike
0-1: Ball
1-1: Foul Ball, location: 2F
1-2: Strikes out looking
Batting: LHB Manuel Márquez 0-0: Ball
1-0: SINGLE (Groundball, 4D)
Batting: RHB Raúl Francisco 0-0: Fly out, F8 (Flyball, 8LS)
Batting: RHB Jorge Cortéz 0-0: Fly out, F8 (Flyball, 8LM)
Top of the 1st over - 0 run(s), 1 hit(s), 0 error(s), 1 left on base; Kennesaw 0 - Chicago 0
BOTTOM OF THE 1ST
Chicago Tula batting - Pitching for Kennesaw Jets : RHP Roger Murdock
Pitching: RHP Roger Murdock
Batting: RHB Micheal Lovell 0-0: Ball
1-0: Called Strike
1-1: SINGLE (Groundball, 25) (infield hit)
Batting: RHB Rand McNally 0-0: Ball
Pickoff Throw to First - Out!
1-0: Called Strike
1-1: Foul Ball, location: 2F
1-2: Strikes out swinging
Batting: RHB José Palácios 0-0: Ball
1-0: Called Strike
1-1: Swinging Strike
1-2: Ground out 6-3 (Groundball, 6)
Bottom of the 1st over - 0 run(s), 1 hit(s), 0 error(s), 0 left on base; Kennesaw 0 - Chicago 0
TOP OF THE 2ND
Kennesaw Jets batting - Pitching for Chicago Tula : RHP Santiago Ramírez
Batting: RHB Vic Richards 0-0: DOUBLE (Groundball, 5L)
Pinch Runner at 2nd Raúl Godines:
Batting: RHB Bartolo Rosas 0-0: Ball
1-0: Ball
2-0: Called Strike
2-1: Foul Ball, location: 2F
2-2: 2-RUN HOME RUN (Flyball, 7D), Distance : 359 ft
Batting: RHB Diego Romero 0-0: Ball
1-0: Called Strike
1-1: Ball
2-1: Called Strike
2-2: Ball
3-2: Strikes out swinging
Batting: RHB Bernardo Martínez 0-0: Ball
1-0: Foul Ball, location: 2F
1-1: Foul Ball, location: 2F
1-2: Strikes out swinging
Batting: SHB Pedro Ortega 0-0: Ball
1-0: Swinging Strike
1-1: Ball
2-1: Foul Ball, location: 2F
2-2: Ball
3-2: Base on Balls
Batting: RHB Héctor Amador 0-0: Ball
1-0: Ball
2-0: Fly out, F7 (Flyball, 78M)
Top of the 2nd over - 2 run(s), 2 hit(s), 0 error(s), 1 left on base; Kennesaw 2 - Chicago 0
BOTTOM OF THE 2ND
Chicago Tula batting - Pitching for Kennesaw Jets : RHP Roger Murdock
Now at C: Raúl Godines
Batting: RHB Arturo Scantlebury 0-0: Called Strike
0-1: Swinging Strike
0-2: Strikes out swinging
Batting: SHB Eustacio Tafalla 0-0: Ground out 4-3 (Groundball, 4)
Batting: RHB Zahid Kashani 0-0: Called Strike
0-1: Ball
1-1: Fly out, F7 (Flyball, 78M)
Bottom of the 2nd over - 0 run(s), 0 hit(s), 0 error(s), 0 left on base; Kennesaw 2 - Chicago 0
TOP OF THE 3RD
Kennesaw Jets batting - Pitching for Chicago Tula : RHP Santiago Ramírez
Batting: LHB Manuel Márquez 0-0: Ball
1-0: Ball
2-0: Swinging Strike
2-1: Foul Ball, location: 2F
2-2: Ball
3-2: Strikes out swinging
Batting: RHB Raúl Francisco 0-0: Called Strike
0-1: Swinging Strike
0-2: Ball
1-2: Foul Ball, location: 2F
1-2: Strikes out swinging
Batting: RHB Jorge Cortéz 0-0: Ball
1-0: Fly out, F7 (Flyball, 7S)
Top of the 3rd over - 0 run(s), 0 hit(s), 0 error(s), 0 left on base; Kennesaw 2 - Chicago 0
BOTTOM OF THE 3RD
Chicago Tula batting - Pitching for Kennesaw Jets : RHP Roger Murdock
Batting: SHB John Krog 0-0: Swinging Strike
0-1: Ground out 4-3 (Groundball, 4M)
Batting: RHB Rubén Arce 0-0: Called Strike
0-1: Ball
1-1: Foul Ball, location: 2F
1-2: Ball
2-2: Strikes out swinging
Batting: RHB Tommy Socorro 0-0: Ball
1-0: DOUBLE (Line Drive, 89D)
Batting: RHB Micheal Lovell 0-0: Called Strike
0-1: Fly out, F9 (Flyball, 9LSF)
Bottom of the 3rd over - 0 run(s), 1 hit(s), 0 error(s), 1 left on base; Kennesaw 2 - Chicago 0
TOP OF THE 4TH
Kennesaw Jets batting - Pitching for Chicago Tula : RHP Santiago Ramírez
Batting: LHB Raúl Godines 0-0: Ball
1-0: Called Strike
1-1: Ball
2-1: SINGLE (Groundball, 56D)
Batting: RHB Bartolo Rosas 0-0: Foul Ball, location: 2F
0-1: Ball
1-1: Foul Ball, location: 2F
1-2: Strikes out swinging
Batting: RHB Diego Romero 0-0: Ball
1-0: Called Strike
1-1: Fly out, F5 (Popup, 5D)
Batting: RHB Bernardo Martínez 0-0: Ball
1-0: Ball
2-0: Foul Ball, location: 2F
2-1: Foul Ball, location: 2F
2-2: Ground out 6-3 (Groundball, 56)
Top of the 4th over - 0 run(s), 1 hit(s), 0 error(s), 1 left on base; Kennesaw 2 - Chicago 0
BOTTOM OF THE 4TH
Chicago Tula batting - Pitching for Kennesaw Jets : RHP Roger Murdock
Batting: RHB Rand McNally 0-0: Ground out 5-3 (Groundball, 56S)
Batting: RHB José Palácios 0-0: Called Strike
0-1: Reached on error, E5 (Groundball, 5)
Batting: RHB Arturo Scantlebury 0-0: Ball
1-0: Ball
2-0: Swinging Strike
2-1: Called Strike
2-2: Strikes out swinging
Batting: SHB Eustacio Tafalla 0-0: SINGLE (Groundball, 4MD)
José Palácios to second
Batting: RHB Zahid Kashani 0-0: Called Strike
0-1: Ball
1-1: Swinging Strike
1-2: Strikes out looking
Bottom of the 4th over - 0 run(s), 1 hit(s), 1 error(s), 2 left on base; Kennesaw 2 - Chicago 0
TOP OF THE 5TH
Kennesaw Jets batting - Pitching for Chicago Tula : RHP Santiago Ramírez
Batting: SHB Pedro Ortega 0-0: SOLO HOME RUN (Flyball, 9D), Distance : 356 ft
Batting: RHB Héctor Amador 0-0: Ball
1-0: Ball
2-0: Swinging Strike
2-1: SINGLE (Groundball, 6MD)
Batting: LHB Manuel Márquez 0-0: Sac Bunt - play at first, batter OUT! 1-3
Héctor Amador to second
Batting: RHB Raúl Francisco 0-0: Ball
Héctor Amador steals 3rd base
1-0: Ball
2-0: Ball
3-0: Base on Balls
Batting: RHB Jorge Cortéz 0-0: Ball
Raúl Francisco is caught stealing 2nd base
1-0: Ball
2-0: Foul Ball, location: 2F
2-1: Ball
3-1: Fly out, F6 (Line Drive, 6)
Top of the 5th over - 1 run(s), 2 hit(s), 0 error(s), 1 left on base; Kennesaw 3 - Chicago 0
BOTTOM OF THE 5TH
Chicago Tula batting - Pitching for Kennesaw Jets : RHP Roger Murdock
Batting: SHB John Krog 0-0: Called Strike
0-1: Called Strike
0-2: Foul Ball, location: 2F
0-2: Foul Ball, location: 2F
0-2: Ground out U3 (Groundball, 34)
Batting: RHB Rubén Arce 0-0: Called Strike
0-1: Hit by Pitch
Batting: RHB Tommy Socorro 0-0: Ball
1-0: Ball
2-0: Called Strike
2-1: Ball
3-1: Foul Ball, location: 2F
3-2: Foul Ball, location: 2F
3-2: Strikes out swinging
Batting: RHB Micheal Lovell 0-0: Ball
1-0: Ball
2-0: Foul Ball, location: 2F
2-1: Swinging Strike
2-2: Fly out, F8 (Line Drive, 8RM)
Bottom of the 5th over - 0 run(s), 0 hit(s), 0 error(s), 1 left on base; Kennesaw 3 - Chicago 0
TOP OF THE 6TH
Kennesaw Jets batting - Pitching for Chicago Tula : RHP Santiago Ramírez
Batting: LHB Raúl Godines 0-0: Ball
1-0: Called Strike
1-1: Ball
2-1: Called Strike
2-2: Strikes out swinging
Batting: RHB Bartolo Rosas 0-0: Foul Ball, location: 2F
0-1: Swinging Strike
0-2: Ball
1-2: Ball
2-2: Strikes out swinging
Batting: RHB Diego Romero 0-0: Ball
1-0: Called Strike
1-1: Ground out 6-3 (Groundball, 6)
Top of the 6th over - 0 run(s), 0 hit(s), 0 error(s), 0 left on base; Kennesaw 3 - Chicago 0
BOTTOM OF THE 6TH
Chicago Tula batting - Pitching for Kennesaw Jets : RHP Roger Murdock
Batting: RHB Rand McNally 0-0: Ball
1-0: Ball
2-0: Foul Ball, location: 2F
2-1: Foul Ball, location: 2F
2-2: Ball
3-2: Ground out U3 (Groundball, 3)
Batting: RHB José Palácios 0-0: Ground out 6-3 (Groundball, 6)
Batting: RHB Arturo Scantlebury 0-0: Called Strike
0-1: Ball
1-1: Foul Ball, location: 2F
1-2: Foul Ball, location: 2F
1-2: Strikes out looking
Bottom of the 6th over - 0 run(s), 0 hit(s), 0 error(s), 0 left on base; Kennesaw 3 - Chicago 0
TOP OF THE 7TH
Kennesaw Jets batting - Pitching for Chicago Tula : RHP Santiago Ramírez
Batting: RHB Bernardo Martínez 0-0: Swinging Strike
0-1: Swinging Strike
0-2: Ground out 6-3 (Groundball, 6)
Batting: SHB Pedro Ortega 0-0: Called Strike
0-1: Ball
1-1: Swinging Strike
1-2: Ball
2-2: Strikes out swinging
Batting: RHB Héctor Amador 0-0: Called Strike
0-1: Ball
1-1: Ball
2-1: Ball
3-1: Called Strike
3-2: Base on Balls
Pitching: RHP Joseph Chartier
Batting: LHB Manuel Márquez 0-0: Called Strike
0-1: Ball
Pickoff Throw to First - Error! E1
Héctor Amador to second
1-1: Ball
2-1: Foul Ball, location: 2F
2-2: Foul Ball, location: 2F
2-2: Ball
3-2: Strikes out swinging
Top of the 7th over - 0 run(s), 0 hit(s), 1 error(s), 1 left on base; Kennesaw 3 - Chicago 0
BOTTOM OF THE 7TH
Chicago Tula batting - Pitching for Kennesaw Jets : RHP Roger Murdock
Batting: SHB Eustacio Tafalla 0-0: Called Strike
0-1: Foul Ball, location: 2F
0-2: Ball
1-2: Ground out 5-3 (Groundball, 56)
Batting: RHB Zahid Kashani 0-0: Called Strike
0-1: Ball
1-1: Foul Ball, location: 2F
1-2: Foul Ball, location: 2F
1-2: Strikes out swinging
Batting: SHB John Krog 0-0: Ball
1-0: Called Strike
1-1: Foul Ball, location: 2F
1-2: Ball
2-2: Ball
3-2: Strikes out looking
Bottom of the 7th over - 0 run(s), 0 hit(s), 0 error(s), 0 left on base; Kennesaw 3 - Chicago 0
TOP OF THE 8TH
Kennesaw Jets batting - Pitching for Chicago Tula : RHP Joseph Chartier
Batting: RHB Raúl Francisco 0-0: Called Strike
0-1: Swinging Strike
0-2: Ball
1-2: Strikes out looking
Batting: RHB Jorge Cortéz 0-0: Foul Ball, location: 2F
0-1: Foul Ball, location: 2F
0-2: Ball
1-2: Ball
2-2: Strikes out swinging
Batting: LHB Raúl Godines 0-0: Ball
1-0: Ball
2-0: Swinging Strike
2-1: Ball
3-1: Called Strike
3-2: Strikes out swinging
Top of the 8th over - 0 run(s), 0 hit(s), 0 error(s), 0 left on base; Kennesaw 3 - Chicago 0
BOTTOM OF THE 8TH
Chicago Tula batting - Pitching for Kennesaw Jets : RHP Roger Murdock
Batting: RHB Rubén Arce 0-0: Ball
1-0: Called Strike
1-1: Ball
2-1: Hit by Pitch
Batting: RHB Tommy Socorro 0-0: Ball
1-0: Ball
2-0: Ball
3-0: Base on Balls
Rubén Arce to second
Batting: RHB Micheal Lovell 0-0: Called Strike
0-1: Fielders Choice at 2nd, 4-6 (Groundball, 4)
Rubén Arce to third
Batting: RHB Rand McNally 0-0: Swinging Strike
0-1: Ball
1-1: Ball
2-1: Called Strike
2-2: Ball
3-2: SINGLE (Groundball, 4) (infield hit)
Rubén Arce scores
Micheal Lovell to second
Pinch Hitting: LHB Jim Unknown 0-0: Called Strike
0-1: Ball
1-1: Ball
2-1: Ball
3-1: Base on Balls
Micheal Lovell to third
Rand McNally to second
Batting: RHB Arturo Scantlebury 0-0: Fly out, F8 (Flyball, 8LD)
Runner from 3rd tags up, SCORES, no throw
Pitching: LHP Jim Unknown
Pinch Hitting: RHB Howard Ickes 0-0: Swinging Strike
0-1: Ball
1-1: Foul Ball, location: 2F
1-2: Foul Ball, location: 2F
1-2: SINGLE (Groundball, 6) (infield hit)
Rand McNally to third
Jim Unknown to second
Batting: RHB Zahid Kashani 0-0: Foul Ball, location: 2F
0-1: Ball
1-1: Ball
2-1: Foul Ball, location: 2F
2-2: Ball
3-2: Foul Ball, location: 2F
3-2: Strikes out swinging
Bottom of the 8th over - 2 run(s), 2 hit(s), 0 error(s), 3 left on base; Kennesaw 3 - Chicago 2
TOP OF THE 9TH
Kennesaw Jets batting - Pitching for Chicago Tula : RHP Joseph Chartier
Now at 2B: Howard Ickes
Now at SS: José Morán
Batting: RHB Bartolo Rosas 0-0: Ball
1-0: Fly out, F9 (Flyball, 9LS)
Batting: RHB Diego Romero 0-0: Foul Ball, location: 2F
0-1: Swinging Strike
0-2: Ball
1-2: Ball
2-2: Strikes out swinging
Batting: RHB Bernardo Martínez 0-0: Called Strike
0-1: Ball
1-1: Swinging Strike
1-2: Strikes out swinging
Top of the 9th over - 0 run(s), 0 hit(s), 0 error(s), 0 left on base; Kennesaw 3 - Chicago 2
BOTTOM OF THE 9TH
Chicago Tula batting - Pitching for Kennesaw Jets : LHP Jim Unknown
Now in RF: Omar Durán
Pinch Hitting: RHB Sisay Jitu 0-0: Called Strike
0-1: Called Strike
0-2: DOUBLE (Groundball, 5L)
Pinch Hitting: RHB Edgar Baeza 0-0: Ball
1-0: Ball
2-0: Ball
3-0: Base on Balls
Batting: RHB Tommy Socorro 0-0: Swinging Strike
0-1: Foul Ball, location: 2F
0-2: Strikes out swinging
Batting: RHB Micheal Lovell 0-0: Grounds into double play, 1-6-3 (Groundball, 13S)
Bottom of the 9th over - 0 run(s), 1 hit(s), 0 error(s), 1 left on base; Kennesaw 3 - Chicago 2
Saturday, May 26th, 2018 - OOTP Baseball 17.12 Build 75